 Dungeon Sprint DCSS version 0.32-a0-876-gcfddb08e57 (webtiles) character file.

Game seed: 7648896583163549798

448 Conn the Firebug (level 7, -2/48 HPs)
             Began as an Octopode Fire Elementalist on Apr 1, 2024.
             Was a High Priest of Sif Muna.
             Slain by an ice devil (10 damage)
             ... in the Dungeon (Sprint VII: "The Pits").
             The game lasted 00:03:59 (854 turns).

Conn the Firebug (Octopode Fire Elementalist)        Turns: 854, Time: 00:04:00

Health: -2/48      AC:  1    Str:  8    XL:     7   Next: 4%
Magic:  3/16       EV: 13    Int: 19    God:    Sif Muna [*****.]
Gold:   0          SH:  0    Dex: 12    Spells: 8/18 levels left

rFire   . . .        l - +1 flail (protect)
rCold   . . .        (no shield)
rNeg    . . .        (helmet restricted)
rPois   .            (no amulet)
rElec   .            (no ring)
rCorr   .            (no ring)
SInv    .            (no ring)
Will    .....        (no ring)
Stlth   +++          (no ring)
HPRegen 0.28/turn    (no ring)
MPRegen 0.15/turn    (no ring)
                     (no ring)

%: no teleportation
@: no status effects
A: almost no armour, amphibious, 8 rings, camouflage 1, gelatinous body 1,
(nimble swimmer 1), tentacles
a: Renounce Religion, Channel Magic, Forget Spell, Divine Exegesis


You were in the Dungeon.
You worshipped Sif Muna.
Sif Muna was extremely pleased with you.
You visited 1 branch

Inventory:

Hand Weapons
 g - a +2 hand axe of freezing
 l - a +1 flail of protection (weapon)
Scrolls
 f - a scroll of blinking
 i - 2 scrolls of vulnerability
 j - 5 scrolls of amnesia
 k - a scroll of butterflies
Potions
 a - 4 potions of magic
 b - 6 potions of curing
 c - 5 potions of heal wounds
 d - a potion of haste
 e - 2 potions of berserk rage
 h - 2 potions of invisibility


   Skills:
 + Level 4.1 Fighting
 - Level 2.0(2.1) Axes
 - Level 0.3(1.3) Maces & Flails
 + Level 5.2 Dodging
 - Level 4.3 Stealth
 * Level 6.2 Spellcasting
 * Level 6.0 Conjurations
 + Level 3.8 Hexes
 + Level 7.1 Fire Magic
 + Level 4.3 Invocations


You had 8 spell levels left.
You knew the following spells:

 Your Spells              Type           Power      Damage    Failure   Level
a - Foxfire               Conj/Fire      100%       2x1d9     1%          1
b - Scorch                Fire           66%        2d7       1%          2
c - Inner Flame           Hex/Fire       26%        N/A       3%          3
d - Flame Wave            Conj/Fire      30%        2d9       8%          4

Your spell library contained the following spells:

 Spells                   Type           Power      Damage    Failure   Level
 Volatile Blastmotes      Fire/Tloc      38%        2d13      8%          3


Dungeon Overview and Level Annotations

Branches:
Dungeon (1/1)

Altars:
Ashenzari
Cheibriados
Dithmenos
Elyvilon
Fedhas
Gozag
Hepliaklqana
Kikubaaqudgha
Makhleb
Nemelex Xobeh
Okawaru
Qazlal
Ru
Sif Muna
Trog
Uskayaw
Vehumet
Wu Jian
Xom
Yredelemnul
Zin
The Shining One
Beogh
Jiyva
Lugonu


Innate Abilities, Weirdness & Mutations

You cannot wear most types of armour.
You are amphibious.
You can wear up to eight rings at the same time.
Your skin changes colour to match your surroundings (Stealth+).
Your rubbery body absorbs attacks. (AC +1, EV +1)
((You are camouflaged when in or above water. (Stealth+)))
You have tentacles for arms and can constrict up to eight enemies at once.


Message History

Press: ? - help, Dir - move target, f - polar bear
Aim: a polar bear (chance to affect: 81%)
The polar bear is filled with an inner flame.
Casting: Inner Flame (dangerous; 3% risk of failure)
Confirm with . or Enter, or press ? or * to list all spells.
Flames lash the ice devil.
The ice devil is lightly wounded.
The ice devil's fire resistance burns away.
Casting: Scorch (safe; 1% risk of failure)
Confirm with . or Enter, or press ? or * to list all spells.
Flames lash the ice devil but do no damage.
Casting: Scorch (safe; 1% risk of failure)
Confirm with . or Enter, or press ? or * to list all spells.
Casting: Flame Wave (dangerous; 8% risk of failure)
Press: ? - help, Dir - look around, f - activate A wave of flame ripples out!
The flame wave engulfs the ice devil but does no damage.
The ice devil is lightly wounded. (Press . to intensify the flame waves.)
The ice devil barely misses you.
A wave of flame ripples out!
The flame wave engulfs the ice devil!
The ice devil is burned terribly!
The ice devil is moderately wounded.
The flame wave engulfs the polar bear but does no damage.
The ice devil is no longer more vulnerable to fire.
The ice devil hits you. The ice devil freezes you!
Unknown command.
A wave of flame ripples out!
The flame wave engulfs the polar bear!
Flame seeps out of the polar bear.
The polar bear is lightly wounded.
The flame wave engulfs the ice devil!!
The ice devil is burned terribly!
The ice devil is heavily wounded.
You finish channelling waves of flame.
The polar bear is engulfed in blazing flames.
Flame seeps out of the polar bear.
The polar bear bites you!
* * * LOW HITPOINT WARNING * * *
The polar bear completely misses you. The polar bear claws you.
* * * LOW HITPOINT WARNING * * *
The ice devil hits you!
You die...

#### __.# __.#
...###########++######
##'##................#
)'.##......#..#......#
##.##............)...+
.)..'............)...+
#####......#..#.@....#
#[[##..........h4....#
#).#####'#####''######
#))##.......##''#
#))##.......##...
#..##.......##..4
#'###...<...##....
...##.......##...#
...##.......##..##


You could see a polar bear (inner flame) and an ice devil.

Vanquished Creatures
  A warg (D)
  A centaur (D)
  Blork the orc (D)
  A gnoll sergeant (D)
  A crimson imp (D)
  Terence (D)
  3 gnolls (D)
  2 ball pythons (D)
  An endoplasm (D)
  3 jackals (D)
  A quokka (D)
  2 bats (D)
  A giant cockroach zombie (D)
  A quokka zombie (D)
  A rat (D)
21 creatures vanquished.

Vanquished Creatures (others)
  20 foxfires (D)
20 creatures vanquished.

Grand Total: 41 creatures vanquished

Notes
Turn   | Place    | Note
-------+----------+-------------------------------------------
     0 | D        | Conn the Octopode Fire Elementalist began the quest for the
                  | Orb.
     0 | D        | Reached XP level 1. HP: 11/11 MP: 3/3
    21 | D        | Found a bloodstained altar of Trog.
    21 | D        | Found a shimmering blue altar of Sif Muna.
    21 | D        | Found a viscous altar of Jiyva.
    21 | D        | Found a hazy altar of Hepliaklqana.
    21 | D        | Found an opulent altar of Gozag.
    23 | D        | Found a glowing golden altar of the Shining One.
    23 | D        | Found a glowing silver altar of Zin.
    23 | D        | Found a basalt altar of Yredelemnul.
    23 | D        | Found a shimmering altar of Xom.
    23 | D        | Found an ornate altar of the Wu Jian Council.
    23 | D        | Found a sacrificial altar of Ru.
    23 | D        | Found a stormy altar of Qazlal.
    23 | D        | Found an iron altar of Okawaru.
    23 | D        | Found a sparkling altar of Nemelex Xobeh.
    23 | D        | Found a burning altar of Makhleb.
    23 | D        | Found a blossoming altar of Fedhas.
    23 | D        | Found a white marble altar of Elyvilon.
    23 | D        | Found a shadowy altar of Dithmenos.
    23 | D        | Found a snail-covered altar of Cheibriados.
    24 | D        | Found a radiant altar of Vehumet.
    24 | D        | Found a corrupted altar of Lugonu.
    24 | D        | Found a roughly hewn altar of Beogh.
    25 | D        | Found an ancient bone altar of Kikubaaqudgha.
    25 | D        | Found a hide-covered altar of Uskayaw.
    25 | D        | Found a broken altar of Ashenzari.
    26 | D        | Became a worshipper of Sif Muna the Loreminder
   167 | D        | Reached * piety under Sif Muna
   198 | D        | Reached ** piety under Sif Muna
   199 | D        | Reached skill level 4 in Fire Magic
   199 | D        | Reached XP level 2. HP: 15/17 MP: 1/5
   204 | D        | Reached *** piety under Sif Muna
   304 | D        | Noticed Terence
   311 | D        | Learned a level 2 spell: Scorch
   333 | D        | Killed Terence
   334 | D        | Reached skill level 1 in Axes
   334 | D        | Reached skill level 5 in Fire Magic
   334 | D        | Reached XP level 3. HP: 21/21 MP: 0/7
   387 | D        | Learned a level 3 spell: Inner Flame
   393 | D        | Noticed Blork the orc
   394 | D        | Noticed a gnoll sergeant
   408 | D        | Reached XP level 4. HP: 16/27 MP: 0/8
   450 | D        | Killed a gnoll sergeant
   450 | D        | Reached **** piety under Sif Muna
   451 | D        | Reached skill level 1 in Hexes
   451 | D        | Reached skill level 6 in Fire Magic
   451 | D        | Reached XP level 5. HP: 16/34 MP: 5/11
   534 | D        | Killed Blork the orc
   617 | D        | Reached skill level 5 in Spellcasting
   617 | D        | Reached XP level 6. HP: 37/42 MP: 13/13
   626 | D        | Learned a level 4 spell: Flame Wave
   639 | D        | Noticed a warg
   646 | D        | Killed a warg
   647 | D        | Reached skill level 5 in Dodging
   647 | D        | Reached skill level 5 in Conjurations
   745 | D        | Reached ***** piety under Sif Muna
   746 | D        | Reached skill level 7 in Fire Magic
   746 | D        | Reached XP level 7. HP: 34/48 MP: 10/16
   796 | D        | Noticed a sea snake
   847 | D        | Noticed an ice devil
   847 | D        | Noticed a polar bear
   854 | D        | Slain by an ice devil

Illustrated notes

Levels and vault maps discovered:
D:        pitsprint [storerooms_1, entrance_room_1, metal_vault_4, armoury_2,
          mini_pit_1, grid_room_1, main_hall_1, silver_pit, the_coven_2,
          the_vestibule_1, steel_vault_4, golden_pit, hallway_of_sentries,
          crystal_vault_4, iron_vault_1, final_vault]

Skill      XL: |  1  2  3  4  5  6 |
---------------+-------------------+-----
Stealth        | 3 4 |  4.3
Fire Magic     | 4 5 6 7 |  7.1
Axes           | 1 2 |  2.0
Dodging        | 3 4 5 |  5.2
Spellcasting   | 3 4 5 6 |  6.2
Fighting       | 2 3 4 |  4.1
Conjurations   | 3 4 6 |  6.0
Hexes          | 1 2 3 |  3.8
Invocations    | 2 3 4 |  4.3
Maces & Flails | |  0.3

Action                     |  1- 3 |  4- 6 |  7- 9 || total
---------------------------+-------+-------+-------++-------
  Melee: Hand axe          |    14 |       |       ||    14
         Constrict         |     6 |     1 |       ||     7
         Tentacles         |     5 |     3 |       ||     8
         Flail             |     5 |     9 |       ||    14
   Cast: Foxfire           |     7 |     5 |       ||    12
         Scorch            |     2 |     7 |     2 ||    11
         Inner Flame       |     1 |     4 |     1 ||     6
         Flame Wave        |       |       |     1 ||     1
    Use: Potion            |     2 |     1 |       ||     3
 Armour: Skin              |    15 |    16 |     4 ||    35
  Dodge: Dodged            |     9 |    20 |     2 ||    31

Table legend: (Time is in decaauts)
 A = Elapsed time spent in this place.
 B = Non-inter-level travel time spent in this place.
 C = Inter-level travel time spent in this place.
 D = Time resting spent in this place.
 E = Time spent auto-exploring this place.
 F = Levels seen in this place.
 G = Mean time per level.
                   A        B        C        D        E       F      G
               +--------+--------+--------+--------+--------+-----+--------+
         Total |    875 |    875 |      0 |    454 |      0 |   1 |  875.0 |
       Dungeon |    875 |    875 |      0 |    454 |      0 |   1 |  875.0 |
               +--------+--------+--------+--------+--------+-----+--------+

Top non-repeatable levels by time:
       D: 875 daAuts
